 Dungeon Crawl Stone Soup version 0.24.0-123-gd5b16e6ec5 (webtiles) character file.

Game seed: 7821871827668904307, levelgen mode: deterministic

450 Iamsoldier the Skirmisher (level 7, -2/44 HPs)
             Began as a Gargoyle Fighter on Dec 18, 2019.
             Slain by Eustachio
             ... wielding a +0 rapier
              (11 damage)
             ... on level 4 of the Dungeon.
             The game lasted 00:05:55 (4571 turns).

Iamsoldier the Skirmisher (Gargoyle Fighter)        Turns: 4571, Time: 00:05:55

Health: -2/44      AC:  0    Str: 26    XL:     7   Next: 4%
Magic:  7/7        EV: 13    Int:  9    God:
Gold:   195        SH:  0    Dex:  9    Spells: 6/6 levels left

rFire    . . .     SeeInvis .   (weapon currently unavailable)
rCold    . . .     Gourm    .   (shield currently unavailable)
rNeg     + . .     Faith    .   (armour currently unavailable)
rPois    ∞         Spirit   .   (helmet currently unavailable)
rElec    .         Reflect  .   (cloak currently unavailable)
rCorr    .         Harm     .   (gloves currently unavailable)
MR       .....                  (boots currently unavailable)
Stlth    +.........             (no amulet)
HPRegen  0.14/turn              (ring currently unavailable)
MPRegen  0.10/turn              (ring currently unavailable)

@: mighty, pig-form, very quick
A: small, negative energy resistance 1, petrification resistance, rot immunity,
AC +4
a: no special abilities


You were on level 4 of the Dungeon.
You were not hungry.
You were a filthy swine.
You visited 1 branch of the dungeon, and saw 5 of its levels.

You collected 195 gold pieces.

Inventory:

Hand Weapons
 a - a +0 flail (melded)
Armour
 c - a +0 shield (melded)
 m - a +0 pair of boots (melded)
 s - a cursed +0 pair of gloves (melded)
 C - a +0 chain mail (melded)
Jewellery
 n - a ring of protection from magic (melded)
 w - a ring of resist corrosion (melded)
Wands
 g - a wand of iceblast (9)
 p - a wand of paralysis (9)
Scrolls
 e - 4 scrolls of teleportation {unknown}
 i - 6 scrolls of identify
 j - a scroll of immolation {unknown}
 k - 5 scrolls of remove curse {unknown}
 t - a scroll of fear {unknown}
 v - a scroll of random uselessness {unknown}
 y - a scroll of fog {unknown}
 B - a scroll of holy word {unknown}
Potions
 d - a potion of might
 h - a potion of agility {unknown}
 l - a potion of invisibility {unknown}
 o - a potion of cancellation {unknown}
 q - 2 potions of magic {unknown}
 r - a potion of heal wounds {unknown}
 u - a potion of lignification {unknown}
 x - a potion of ambrosia {unknown}
 z - a potion of haste {unknown}
 A - a potion of resistance {unknown}
Comestibles
 b - 2 chunks of flesh
 f - 8 rations


   Skills:
 * Level 5.6 Fighting
 * Level 4.4 Maces & Flails
 + Level 4.5 Armour
 + Level 4.4 Shields


You had 6 spell levels left.
You didn't know any spells.
Your spell library was empty.

Dungeon Overview and Level Annotations

Branches:
Dungeon (5/15)
 Temple: D:4-7

Altars:
Gozag
Ru
Sif Muna

Annotations:
D:4 Eustachio


Innate Abilities, Weirdness & Mutations

You are resistant to torment.
((Your stone body is resilient. (AC +4)))
You are immune to poison.
You resist negative energy. (rN+)
((You are resistant to electric shocks. (rElec)))
((You can survive without breathing.))
You are immune to petrification.
You are immune to rotting.


Message History

The river rat barely misses you.
You barely miss the quokka. The quokka bites you. The river rat misses you.
You closely miss the quokka. The quokka closely misses you.
The river rat bites you.
* * * LOW HITPOINT WARNING * * *
You barely miss the quokka. The quokka bites you.
* * * LOW HITPOINT WARNING * * *
The river rat barely misses you.
You bite the quokka!
You kill the quokka!
The quokka's corpse disappears in a puff of smoke!
The river rat barely misses you. Eustachio barely misses you.
You hit Eustachio.
Eustachio is severely wounded.
The river rat closely misses you. Eustachio closely misses you.
You closely miss Eustachio.
Eustachio is severely wounded.
The river rat barely misses you. Eustachio hits you with a +0 rapier!
You die...

.##...##.#
.......#.#########
..#...#..........#
.#.###.#.#######.#
.##.#.##..# #.#
.###.####.# #.#
...### #.# #)#
##.# #.# #@# #.#
#.# #h##
##.######.# #.r#
<.........## ##.#
##.#####...# #.#
#.# #.#.# #.#
#.### #.#.### #.#
#...# #.....# #.#
#.#.###.....# #.#
#...........# #.#


You could see Eustachio and a river rat.

Vanquished Creatures
  A phantom (D:4)
  2 orc priests
  3 orc wizards (D:4)
  A worker ant (D:5)
  6 adders
  5 oozes
  An adder skeleton (D:3)
  4 worms
  3 leopard geckos
  10 orcs
  6 bats
  9 giant cockroaches
  5 goblins
  4 hobgoblins
  13 jackals
  9 kobolds
  3 quokkas
  A ball python (D:1)
  6 frilled lizards
  A leopard gecko skeleton (D:5)
  10 rats
103 creatures vanquished.

Notes
Turn   | Place    | Note
-------+----------+-------------------------------------------
     0 | D:1      | Iamsoldier the Gargoyle Fighter began the quest for the
                  | Orb.
     0 | D:1      | Reached XP level 1. HP: 14/14 MP: 1/1
     1 | D:1      | Found a runed translucent door.
   198 | D:1      | Reached XP level 2. HP: 19/19 MP: 2/2
   556 | D:1      | Reached XP level 3. HP: 17/24 MP: 3/3
  1122 | D:1      | Reached skill level 4 in Fighting
  1128 | D:1      | Reached XP level 4. HP: 15/29 MP: 4/4
  2052 | D:2      | Found a shimmering blue altar of Sif Muna.
  2248 | D:2      | Reached XP level 5. HP: 32/34 MP: 5/5
  2362 | D:3      | Found an opulent altar of Gozag.
  3314 | D:4      | Noticed a phantom
  3379 | D:4      | Killed a phantom
  3379 | D:4      | Reached skill level 5 in Fighting
  3379 | D:4      | Reached XP level 6. HP: 11/40 MP: 6/6
  4164 | D:5      | Entered Level 5 of the Dungeon
  4173 | D:5      | Found a sacrificial altar of Ru.
  4553 | D:5      | Reached XP level 7. HP: 24/44 MP: 7/7
  4554 | D:5      | Noticed Eustachio
  4571 | D:4      | Slain by Eustachio

Levels and vault maps discovered:
D:1:      dpeg_arrival_caged_fury, layout_basic, minmay_misc_feat_diagonals
D:2:      minmay_chambers_of_twos, layout_basic, first_ration,
          kennysheep_cluttered_room, lemuel_blue_sif_altar
D:3:      layout_loops_corners, nicolae_gozag_seed_capital
D:4:      layout_loops_ring
D:5:      layout_rooms, kennysheep_mini, minmay_statues_item, minivault_24,
          minmay_joined_circles, uniq_eustachio

Skill      XL: |  1  2  3  4  5  6 |
---------------+-------------------+-----
Fighting       | 4 5 |  5.6
Maces & Flails | 3 4 |  4.4
Armour         | 4 |  4.5
Shields        | 4 |  4.4

Action                   |  1- 3 |  4- 6 |  7- 9 || total
-------------------------+-------+-------+-------++-------
Melee: Flail             |   124 |   352 |     3 ||   479
       Unarmed           |       |       |     7 ||     7
  Use: Scroll            |       |     1 |       ||     1
       Potion            |       |       |     1 ||     1
  Eat: Chunk             |       |    13 |       ||    13
Armor: Scale mail        |    83 |   195 |       ||   278
       Chain mail        |       |    23 |     3 ||    26
Dodge: Dodged            |    53 |    89 |    13 ||   155
Block: Shield            |    79 |   190 |     3 ||   272
